 Dungeon Crawl Stone Soup version 0.28.0-49-g6dfe1f597d (webtiles) character file.

Game seed: 4384913715200450542

197 Zeld the Ogre Mage (level 5, -1/50 HPs)
             Began as an Ogre Transmuter on May 19, 2022.
             Was an Initiate of Ashenzari.
             Slain by a scorpion (7 damage)
             ... on level 3 of the Dungeon.
             The game lasted 00:03:00 (3369 turns).

Zeld the Ogre Mage (Ogre Transmuter)                Turns: 3369, Time: 00:03:00

Health: -1/50      AC:  3    Str: 16    XL:     5   Next: 75%
Magic:  11/11      EV: 10    Int: 14    God:    Ashenzari [......]
Gold:   132        SH:  0    Dex:  9    Spells: 2/12 levels left

rFire   . . .      SeeInvis .     - Unarmed
rCold   . . .      Faith    .   (no shield)
rNeg    . . .      Spirit   .   a - +0 robe
rPois   .          Reflect  .   (helmet restricted)
rElec   .          Harm     .   (no cloak)
rCorr   .          Rampage  .   (gloves unavailable)
Will    .....                   (boots unavailable)
Stlth   +.........              (no amulet)
HPRegen 0.16/turn               (no ring)
MPRegen 0.12/turn               (no ring)

@: no status effects
A: large, unfitting armour, tough skin 1
a: Renounce Religion


You were on level 3 of the Dungeon.
You worshipped Ashenzari.
Ashenzari was noncommittal.
You visited 1 branch of the dungeon, and saw 3 of its levels.

You collected 132 gold pieces.

Inventory:

Armour
 a - a +0 robe (worn)
Scrolls
 d - 2 scrolls of identify {unknown}
 e - a scroll of amnesia {unknown}
 i - a scroll of holy word {unknown}
 j - a scroll of immolation {unknown}
 k - a scroll of enchant weapon {unknown}
Potions
 b - a potion of haste {unknown}
 c - a potion of curing {unknown}
 f - a potion of resistance {unknown}
 g - a potion of flight {unknown}
 h - a potion of invisibility {unknown}


   Skills:
 + Level 2.7 Fighting
 + Level 2.6 Dodging
 - Level 2.6 Unarmed Combat
 * Level 4.0 Spellcasting
 * Level 3.2 Transmutations
 + Level 1.2 Poison Magic


You had 2 spell levels left.
You knew the following spells:

 Your Spells              Type           Power      Damage    Failure   Level
a - Beastly Appendage     Tmut           22%        N/A       5%          1
b - Wereblood             Tmut           11%        N/A       8%          2
c - Spider Form           Tmut/Pois      9%         N/A       22%         3
d - Ice Form              Ice/Tmut       7%         N/A       69%         4

Your spell library contained the following spells:

 Spells                   Type           Power      Damage    Failure   Level
 Passwall                 Tmut/Erth      5%         N/A       16%         2
 Sandblast                Erth           4%         2d4       19%         1
 Stone Arrow              Conj/Erth      4%         3d7       50%         3


Dungeon Overview and Level Annotations

Branches:
Dungeon (3/15)

Altars:
Ashenzari


Innate Abilities, Weirdness & Mutations

You are too large for most types of armour.
You have tough skin. (AC +1)


Message History

The scorpion is lightly wounded.
You feel very sick. The scorpion stings you.
You are more poisoned.
The scorpion poisons you!
You closely miss the scorpion. Your kick misses the scorpion.
The scorpion is lightly wounded.
You feel very sick. The scorpion stings you.
You are too injured to fight recklessly!
You are too injured to fight recklessly!
You are too injured to fight recklessly!
You feel very sick.
You feel very sick.
You feel very sick.
The scorpion stings you but does no damage.
You feel sick.
You feel sick.
You feel sick.
You feel sick.
You feel sick. The scorpion stings you.
* * * LOW HITPOINT WARNING * * *
Okay, then.
Okay, then.
You aren't carrying any items that you can evoke.
Okay, then.
You feel sick.
You feel sick.
You feel sick.
You are no longer poisoned.
Your transformation is almost over.
The scorpion closely misses you.
Press: ? - help, v - describe, . - travel
Here: a scorpion (lightly wounded)
The floor.
The scorpion barely misses you.
There is an open door here.
Your horns disappear.
Your talons disappear.
You open the door. The scorpion stings you!
You die...

.....†.....# #.#
#.#####.#..## .###.#######
#.# #.# #.#..# ## #.# ##.#
#.# #.#.### #.#
####..######.# #.#.... #.#
##.........##†# #.#.### #.#
#..###'###.##.# #.#.#
#.####..# #.# #..#.# #.#.###
#.......###.###....# #.#....
## ####.##.###_s@'.##.#
#.#####
.######.##.###.###.##.# #.#
...........# #.# #.##.#####.#
.######....###'###....#.....#
## #...#..........###.#####
#.......###.##### #.#
##...#.## ##.# #.# ##..#.#
#.# #.# ##.#.# ##.# #.#


You could see a scorpion.

Vanquished Creatures
  A black bear (D:3)
  4 adders
  2 dart slugs
  4 ball pythons
  5 bats
  4 endoplasms
  3 giant cockroaches
  5 goblins
  7 hobgoblins
  2 jackals (D:2)
  5 quokkas
  4 frilled lizards (D:2)
  9 kobolds
  5 rats
60 creatures vanquished.

Vanquished Creatures (others)
  4 demonic plants (D:2)
  A fungus (D:2)
  9 plants (D:2)
  8 withered plants (D:2)
22 creatures vanquished.

Grand Total: 82 creatures vanquished

Notes
Turn   | Place    | Note
-------+----------+-------------------------------------------
     0 | D:1      | Zeld the Ogre Transmuter began the quest for the Orb.
     0 | D:1      | Reached XP level 1. HP: 19/19 MP: 3/3
    96 | D:1      | Reached XP level 2. HP: 23/27 MP: 3/5
   631 | D:1      | Reached skill level 3 in Spellcasting
   635 | D:1      | Learned a level 2 spell: Wereblood
   652 | D:1      | Reached XP level 3. HP: 35/35 MP: 5/7
   656 | D:1      | Learned a level 3 spell: Spider Form
  1338 | D:2      | Reached XP level 4. HP: 20/42 MP: 7/9
  1560 | D:2      | Found a faded altar of an unknown god.
  2381 | D:3      | Found a broken altar of Ashenzari.
  2401 | D:3      | Became a worshipper of Ashenzari the Shackled
  2591 | D:3      | Noticed a black bear
  2638 | D:3      | Killed a black bear
  2639 | D:3      | Reached skill level 1 in Poison Magic
  2639 | D:3      | Reached XP level 5. HP: 6/50 MP: 7/10
  2644 | D:3      | Learned a level 4 spell: Ice Form
  3116 | D:3      | Reached skill level 4 in Spellcasting
  3369 | D:3      | Slain by a scorpion

Illustrated notes

Levels and vault maps discovered:
D:1:      eino_arrival_water_star, layout_basic
D:2:      layout_loops_ring, shapermc_ecumenical_altar_gd, minmay_hexomino_f4
D:3:      layout_loops_ring, lemuel_doored_altar, kennysheep_small_spiral,
          nicolae_figureground_sparkle

Skill      XL: |  1  2  3  4  5 |
---------------+----------------+-----
Transmutations | 2 3 |  3.2
Dodging        | 2 |  2.6
Spellcasting   | 3 4 |  4.0
Fighting       | 2 |  2.7
Poison Magic   | 1 |  1.2
Unarmed Combat | |  2.6

Action                   |  1- 3 |  4- 6 || total
-------------------------+-------+-------++-------
Melee: Unarmed           |   113 |   111 ||   224
       Headbutt          |    13 |     8 ||    21
       Kick              |    16 |     9 ||    25
       Punch             |       |     1 ||     1
 Cast: Beastly Appendage |    23 |    11 ||    34
       Spider Form       |       |     1 ||     1
Armor: Robe              |    32 |    24 ||    56
       Skin              |       |     1 ||     1
Dodge: Dodged            |    63 |    86 ||   149
